[Event "46th GER-ch Rapid 2020"]
[Site "Plochingen"]
[Date "2020.09.19"]
[Round "1.1"]
[White "Stern, Rene"]
[Black "Schulz, Karsten"]
[Result "1/2-1/2"]
[ECO "B07"]
[WhiteElo "2517"]
[BlackElo "2294"]
[Annotator "RC"]
[PlyCount "173"]
[EventDate "2020.09.19"]
[EventType "swiss"]
[EventCountry "GER"]
[SourceTitle "playchess.com"]
[Source "ChessBase"]
[SourceQuality "1"]
[TimeControl "900+10"]

1. Nf3 g6 2. e4 Bg7 3. d4 d6 4. c3 Nf6 5. Bd3 O-O 6. h3 Nc6 7. O-O e5 8. Re1 h6 9. Na3 Nh5 10. Nc2 Qf6 11. Bf1 Nf4 12. Kh2 Re8 13. g3 Nh5 14. d5 Nb8 15. Ne3 Qe7 16. Bg2 Nd7 17. Ng1 a5 18. a4 Kh7 19. b4 Nhf6 20. Bb2 Ng8 21. Ne2 Nb6 22. Qc2 Rf8 23. g4 Bf6 24. Ng3 Bg5 25. Bf1 Bf4 26. Ng2 Bg5 27. Bd3 Bd7 28. Qb3 Rfb8 29. c4 axb4 30. a5 Nc8 31. Qxb4 b6 32. a6 Na7 33. Ra2 Qe8 34. Qc3 Bf6 35. Rb1 Qe7 36. f3 Rf8 37. Rh1 Rfb8 38. h4 b5 39. h5 c6 40. hxg6+ fxg6 41. Rd1 c5 42. Bc1 b4 43. Qb3 Bg5 44. Bc2 Rb6 45. Be3 Bxe3 46. Qxe3 Nc8 47. Rda1 Ra7 48. Bd1 Be8 49. f4 exf4 50. Nxf4 Qh4+ 51. Kg1 Qg5 52. Qd2 Nf6 53. Qe3 Bd7 54. e5 dxe5 55. Ng2 Nd6 56. Qxc5 Nc8 57. Qe3 Bxg4 58. Qxg5 hxg5 59. Bxg4 Nxg4 60. Ne4 b3 61. c5 bxa2 62. cxb6 Nxb6 63. Rxa2 Nxd5 64. Ra4 Ngf6 65. Nxg5+ Kg7 66. Ne6+ Kf7 67. Nd8+ Ke8 68. Nc6 Ra8 69. Nxe5 Nc7 70. a7 Nb5 71. Ra6 Nd7 72. Rxg6 Rxa7 73. Rg8+ Ke7 74. Nc6+ Kf7 75. Nxa7 Kxg8 76. Nxb5 Nb6 77. Kf2 Na4 78. Ke3 Nb6 79. Kf4 Kf7 80. Kf5 Ke7 81. Nf4 Kd7 82. Ke5 Kc6 83. Nd4+ Kc5 84. Nd3+ Kc4 85. Ke4 Na4 86. Ne5+ Kc5 87. Ne6+ 1/2-1/2

[Event "46th GER-ch Rapid 2020"]
[Site "Plochingen"]
[Date "2020.09.19"]
[Round "1.2"]
[White "Pallas, Sebastian"]
[Black "Schmaltz, Roland"]
[Result "0-1"]
[ECO "C41"]
[WhiteElo "2315"]
[BlackElo "2449"]
[Annotator "ChessBase"]
[PlyCount "106"]
[EventDate "2020.09.19"]
[EventType "swiss"]
[EventCountry "GER"]
[SourceTitle "playchess.com"]
[Source "ChessBase"]
[SourceQuality "1"]
[TimeControl "900+10"]

1. e4 d6 2. d4 Nf6 3. Nc3 e5 4. Nf3 Nbd7 5. Be2 Be7 6. O-O O-O 7. Re1 a6 8. a4 b6 9. Bg5 Bb7 10. Bf1 h6 11. Bh4 Re8 12. Bg3 exd4 13. Nxd4 Bf8 14. f3 g6 15. Qd2 Bg7 16. Rad1 Nh5 17. Bf2 Ne5 18. Be2 Nf6 19. Bg3 Nc6 20. Bf2 Nb4 21. Bc4 Qe7 22. Nde2 Rad8 23. Nf4 Kh7 24. Bd4 c5 25. Bf2 Qf8 26. Bb3 Rd7 27. h4 Red8 28. Qe2 Qe8 29. Bg3 Nc6 30. Bc4 Nd4 31. Qf2 Re7 32. Bd5 Bc8 33. Bc4 Bb7 34. Bd5 Bc8 35. Bc4 b5 36. axb5 axb5 37. Bf1 Bb7 38. Qd2 b4 39. Nce2 Nc6 40. Bf2 Red7 41. c4 Ne5 42. b3 Ra8 43. Ng3 Ra3 44. Qe3 h5 45. Nh3 Kg8 46. Ng5 Bc6 47. Rc1 Qe7 48. Rb1 Bh6 49. Qe2 Rda7 50. Red1 Nh7 51. Be3 Ra2 52. Rb2 Rxb2 53. Qxb2 Nxg5 0-1

[Event "46th GER-ch Rapid 2020"]
[Site "Plochingen"]
[Date "2020.09.19"]
[Round "1.3"]
[White "Gschnitzer, Oswald"]
[Black "Maier, Christian"]
[Result "1-0"]
[ECO "A54"]
[WhiteElo "2373"]
[BlackElo "2295"]
[Annotator "ChessBase"]
[PlyCount "26"]
[EventDate "2020.09.19"]
[EventType "swiss"]
[EventCountry "GER"]
[SourceTitle "playchess.com"]
[Source "ChessBase"]
[SourceQuality "1"]
[TimeControl "900+10"]

1. Nf3 d6 2. d4 Nf6 3. c4 Nbd7 4. Nc3 e5 5. Bg5 Be7 6. Qc2 c6 7. O-O-O Qc7 8. e3 a6 9. Kb1 O-O 10. Bd3 Re8 11. g4 Nf8 12. Bxf6 Bxf6 13. g5 Be7 1-0

[Event "46th GER-ch Rapid 2020"]
[Site "Plochingen"]
[Date "2020.09.19"]
[Round "1.4"]
[White "Kersten, Uwe"]
[Black "Siebrecht, Sebastian"]
[Result "1/2-1/2"]
[ECO "B22"]
[WhiteElo "2252"]
[BlackElo "2418"]
[Annotator "ChessBase"]
[PlyCount "100"]
[EventDate "2020.09.19"]
[EventType "swiss"]
[EventCountry "GER"]
[SourceTitle "playchess.com"]
[Source "ChessBase"]
[SourceQuality "1"]
[TimeControl "900+10"]

1. e4 c5 2. Nf3 e6 3. c3 Nf6 4. e5 Nd5 5. d4 cxd4 6. cxd4 d6 7. a3 Nc6 8. Bd3 Be7 9. O-O O-O 10. Qe2 a6 11. Re1 Re8 12. Qe4 f5 13. exf6 Nxf6 14. Qh4 h6 15. Bxh6 gxh6 16. Qxh6 Bf8 17. Qg6+ Bg7 18. Ng5 Qe7 19. Nc3 Nxd4 20. Re3 Bd7 21. Rh3 Bc6 22. Re1 b5 23. Nce4 Bxe4 24. Rxe4 Rac8 25. Rxd4 Rc1+ 26. Bf1 Qc7 27. Rc3 Rxc3 28. bxc3 d5 29. Rh4 Re7 30. Nh7 Qxc3 31. h3 Qe5 32. Bd3 Nxh7 33. Rxh7 Qe1+ 34. Kh2 Qe5+ 35. g3 Kf8 36. Rh4 Rf7 37. Kg2 Qe1 38. Rf4 Rxf4 39. gxf4 Bd4 40. Qg3 Qd1 41. Bg6 Ke7 42. f5 e5 43. Qg5+ Kd7 44. Qf6 Qd2 45. Qe6+ Kc7 46. Qe7+ Kb6 47. Qd8+ Ka7 48. Qc7+ Ka8 49. Qc8+ Ka7 50. Qc7+ Ka8 1/2-1/2

[Event "46th GER-ch Rapid 2020"]
[Site "Plochingen"]
[Date "2020.09.19"]
[Round "1.5"]
[White "Hirneise, Jens"]
[Black "Voigt, Martin"]
[Result "1-0"]
[ECO "B14"]
[WhiteElo "2289"]
[BlackElo "2289"]
[Annotator "ChessBase"]
[PlyCount "133"]
[EventDate "2020.09.19"]
[EventType "swiss"]
[EventCountry "GER"]
[SourceTitle "playchess.com"]
[Source "ChessBase"]
[SourceQuality "1"]
[TimeControl "900+10"]

1. e4 c6 2. d4 d5 3. exd5 cxd5 4. c4 Nf6 5. Nc3 g6 6. cxd5 Bg7 7. Nf3 O-O 8. Bc4 Bg4 9. h3 Bxf3 10. Qxf3 Ne8 11. O-O Nd6 12. Bd3 Bxd4 13. Bf4 Nd7 14. Rfe1 Rc8 15. Bf1 Bg7 16. Qe3 Nf5 17. Qxa7 Qb6 18. Qxb6 Nxb6 19. Be5 Bf6 20. Rad1 Rfd8 21. Bxf6 exf6 22. Re4 Nd6 23. Rb4 Nd7 24. Nb5 Nc5 25. Rc1 Nce4 26. Rxc8 Rxc8 27. f3 Nxb5 28. Rxb5 Nd6 29. Rb6 Rd8 30. a4 Kf8 31. Kf2 Ke7 32. Rb3 f5 33. Ke3 Ra8 34. Rb4 Kd7 35. Bd3 Kc7 36. b3 f6 37. Rh4 h5 38. g4 fxg4 39. hxg4 hxg4 40. fxg4 g5 41. Rh7+ Kb6 42. Kd4 Rc8 43. Rd7 Ne8 44. Bg6 Nc7 45. Rd6+ Ka5 46. Rxf6 Rd8 47. Be4 b5 48. axb5 Nxb5+ 49. Ke5 Kb4 50. Bd3 Nc3 51. Bc4 Nd1 52. Kd4 Nc3 53. Rb6+ Ka5 54. Rg6 Kb4 55. Rxg5 Re8 56. Re5 Rf8 57. Rf5 Re8 58. Rf4 Re1 59. g5 Rg1 60. Rf5 Rg4+ 61. Ke5 Kc5 62. Kf6 Ne4+ 63. Kg6 Nd6 64. Rf8 Rg1 65. Kh6 Kd4 66. Rf6 Ke5 67. Re6+ 1-0

[Event "46th GER-ch Rapid 2020"]
[Site "Plochingen"]
[Date "2020.09.19"]
[Round "1.6"]
[White "Lang, Torsten"]
[Black "Kvetny, Mark"]
[Result "0-1"]
[ECO "A43"]
[WhiteElo "2308"]
[BlackElo "2427"]
[Annotator "ChessBase"]
[PlyCount "114"]
[EventDate "2020.09.19"]
[EventType "swiss"]
[EventCountry "GER"]
[SourceTitle "playchess.com"]
[Source "ChessBase"]
[SourceQuality "1"]
[TimeControl "900+10"]

1. d4 Nf6 2. Nf3 c5 3. d5 d6 4. Nc3 e6 5. g3 exd5 6. Nxd5 Nxd5 7. Qxd5 Nc6 8. Ng5 Qe7 9. c3 h6 10. Nf3 Be6 11. Qd3 g5 12. Bg2 Bg7 13. O-O Rd8 14. e4 O-O 15. Re1 Qd7 16. Be3 b6 17. Rad1 Bxa2 18. h4 g4 19. Nd2 Ne5 20. Qe2 Be6 21. Bf4 Ng6 22. Be3 h5 23. Nc4 Qe7 24. Bg5 f6 25. Bc1 Ne5 26. Ne3 Qf7 27. Nf5 Bxf5 28. exf5 d5 29. Bf4 Rfe8 30. Qb5 Kh7 31. b4 Bf8 32. bxc5 Bxc5 33. Be3 Bxe3 34. Rxe3 Qd7 35. Qb3 Qxf5 36. Rxd5 Kg7 37. Qd1 Qc8 38. Qd4 Rxd5 39. Bxd5 Qc5 40. Qxc5 bxc5 41. c4 Nf3+ 42. Kf1 Rxe3 43. fxe3 f5 44. Ke2 a5 45. Bc6 Kf6 46. Be8 Ne5 47. Bb5 Nf7 48. Kd3 Nd6 49. Bc6 Ke5 50. Kc3 Ne4+ 51. Kb3 Nd2+ 52. Kc3 Ne4+ 53. Kb3 Nxg3 54. Ka4 Nf1 55. Kxa5 Nxe3 56. Kb5 f4 57. Kxc5 f3 0-1

[Event "46th GER-ch Rapid 2020"]
[Site "Plochingen"]
[Date "2020.09.19"]
[Round "1.7"]
[White "Langrock, Hannes"]
[Black "Schenderowitsch, Michael"]
[Result "1/2-1/2"]
[ECO "E11"]
[WhiteElo "2352"]
[BlackElo "2346"]
[Annotator "ChessBase"]
[PlyCount "58"]
[EventDate "2020.09.19"]
[EventType "swiss"]
[EventCountry "GER"]
[SourceTitle "playchess.com"]
[Source "ChessBase"]
[SourceQuality "1"]
[TimeControl "900+10"]

1. d4 e6 2. c4 Nf6 3. g3 Bb4+ 4. Bd2 c5 5. Nf3 O-O 6. Bg2 d6 7. O-O Nc6 8. Bxb4 cxb4 9. a3 Re8 10. axb4 Nxb4 11. Nc3 Bd7 12. b3 Qc7 13. Qd2 a5 14. e4 e5 15. h3 Red8 16. Kh2 h6 17. Rac1 Qb6 18. Rfe1 Na6 19. Rb1 Qb4 20. Qe3 Re8 21. Red1 Bc6 22. Ne1 Qb6 23. Nc2 Qc7 24. Na3 Rad8 25. Nab5 Bxb5 26. Nxb5 Qb6 27. Rd2 Nc7 28. Nc3 Ne6 29. Nb5 Nc7 1/2-1/2

[Event "46th GER-ch Rapid 2020"]
[Site "Plochingen"]
[Date "2020.09.19"]
[Round "1.8"]
[White "Braeuning, Rudolf Wilhelm"]
[Black "Frischmann, Rick"]
[Result "1-0"]
[ECO "B01"]
[WhiteElo "2268"]
[BlackElo "2347"]
[Annotator "ChessBase"]
[PlyCount "109"]
[EventDate "2020.09.19"]
[EventType "swiss"]
[EventCountry "GER"]
[SourceTitle "playchess.com"]
[Source "ChessBase"]
[SourceQuality "1"]
[TimeControl "900+10"]

1. e4 d5 2. exd5 Qxd5 3. Nc3 Qd6 4. d4 Nf6 5. Bg5 Nc6 6. d5 Nb4 7. Bxf6 gxf6 8. a3 Na6 9. Bb5+ Bd7 10. Bxd7+ Qxd7 11. Nge2 Rg8 12. Ng3 O-O-O 13. Qd4 Kb8 14. O-O-O Rg4 15. Qe3 h5 16. Nxh5 Rxg2 17. Ng3 Qh3 18. Nb5 Bh6 19. f4 b6 20. Qf3 Rg8 21. Nd4 Rxh2 22. Ndf5 e6 23. dxe6 fxe6 24. Rxh2 Qxh2 25. Rh1 Qxh1+ 26. Qxh1 Bxf4+ 27. Kb1 Bxg3 28. Ne7 Re8 29. Nc6+ Kc8 30. Nxa7+ Kd7 31. Nb5 Nc5 32. b4 Na4 33. Ka2 c6 34. Nd4 Nc3+ 35. Kb3 Nd5 36. c4 Ne7 37. Qe4 Be5 38. Nf3 Bd6 39. Nd4 Be5 40. b5 Rc8 41. a4 Rc7 42. Nf3 Bd6 43. Qd4 cxb5 44. axb5 Ra7 45. Qxb6 Nc8 46. Qc6+ Kd8 47. c5 Rc7 48. Qe4 Rxc5 49. Nd4 Kd7 50. Qxe6+ Kc7 51. Qxf6 Kb6 52. Qe6 Rc7 53. Qd5 Bc5 54. Ne6 Ne7 55. Qd8 1-0

[Event "46th GER-ch Rapid 2020"]
[Site "Plochingen"]
[Date "2020.09.19"]
[Round "1.9"]
[White "Spiess, Gunter"]
[Black "Neukirchner, Pascal"]
[Result "1/2-1/2"]
[ECO "A43"]
[WhiteElo "2391"]
[BlackElo "2259"]
[Annotator "ChessBase"]
[PlyCount "54"]
[EventDate "2020.09.19"]
[EventType "swiss"]
[EventCountry "GER"]
[SourceTitle "playchess.com"]
[Source "ChessBase"]
[SourceQuality "1"]
[TimeControl "900+10"]

1. d4 Nf6 2. Nf3 c5 3. d5 b5 4. Bg5 d6 5. a4 b4 6. e3 a6 7. Bc4 g6 8. Nbd2 Bg7 9. c3 O-O 10. O-O Nbd7 11. a5 Bb7 12. e4 Ng4 13. Qc2 Nge5 14. Be2 Nxf3+ 15. Nxf3 f5 16. exf5 Rxf5 17. c4 Ne5 18. Bh4 Bc8 19. Nxe5 Bxe5 20. Bd3 Rf7 21. Rfe1 Qf8 22. Bg3 Bd4 23. Re2 Bg4 24. Re4 Bf5 25. Re2 Bg4 26. Re4 Bf5 27. Re2 Bg4 1/2-1/2

[Event "46th GER-ch Rapid 2020"]
[Site "Plochingen"]
[Date "2020.09.19"]
[Round "1.10"]
[White "Wendler, David"]
[Black "Petkidis, Anthony"]
[Result "1/2-1/2"]
[ECO "C77"]
[WhiteElo "2249"]
[BlackElo "2406"]
[Annotator "ChessBase"]
[PlyCount "91"]
[EventDate "2020.09.19"]
[EventType "swiss"]
[EventCountry "GER"]
[SourceTitle "playchess.com"]
[Source "ChessBase"]
[SourceQuality "1"]
[TimeControl "900+10"]

1. e4 e5 2. Nf3 Nc6 3. Bb5 a6 4. Ba4 Nf6 5. d3 d6 6. c3 Be7 7. Nbd2 O-O 8. O-O Re8 9. Re1 Bf8 10. Nf1 b5 11. Bc2 Bb7 12. Bg5 h6 13. Bh4 Nb8 14. Ne3 Nbd7 15. Qd2 c5 16. Nf5 d5 17. a4 Qc7 18. Bg3 dxe4 19. dxe4 Nh5 20. Qe2 Nxg3 21. hxg3 c4 22. g4 g6 23. Ne3 Nc5 24. Nd5 Bxd5 25. exd5 e4 26. Nd4 Qd7 27. axb5 axb5 28. Rxa8 Rxa8 29. Bxe4 Re8 30. Qf3 Bg7 31. Kf1 b4 32. cxb4 Bxd4 33. bxc5 Bxc5 34. Bc2 Rxe1+ 35. Kxe1 Qe7+ 36. Kf1 Qe5 37. b3 c3 38. Qe4 Qf6 39. f4 Qa6+ 40. Qc4 Qa1+ 41. Ke2 Qc1 42. Qxc3 Bd6 43. Qc8+ Kg7 44. Qc3+ Kg8 45. Qc8+ Kg7 46. Qc3+ 1/2-1/2

[Event "46th GER-ch Rapid 2020"]
[Site "Plochingen"]
[Date "2020.09.19"]
[Round "2.1"]
[White "Schmaltz, Roland"]
[Black "Reichmann, Hendrik"]
[Result "1/2-1/2"]
[ECO "B06"]
[WhiteElo "2449"]
[BlackElo "2348"]
[Annotator "ChessBase"]
[PlyCount "112"]
[EventDate "2020.09.19"]
[EventType "swiss"]
[EventCountry "GER"]
[SourceTitle "playchess.com"]
[Source "ChessBase"]
[SourceQuality "1"]
[TimeControl "900+10"]

1. e4 g6 2. d4 Bg7 3. Nc3 d6 4. Be3 a6 5. Nf3 b5 6. Bd3 Nd7 7. Ne2 Bb7 8. Ng3 Ngf6 9. O-O Ng4 10. Bg5 h6 11. Bd2 e5 12. c3 O-O 13. Re1 c5 14. d5 c4 15. Bc2 Qb6 16. Qe2 Nc5 17. h3 Nf6 18. Be3 Qc7 19. Qd2 Kh7 20. Nh4 Ng8 21. f4 exf4 22. Bxf4 Nd7 23. Nf3 Ne5 24. Nxe5 Bxe5 25. Bxe5 dxe5 26. Rf1 Qd6 27. Rf3 Kg7 28. Raf1 Rad8 29. Qf2 f6 30. Kh1 Rd7 31. Rd1 Rc7 32. Nf1 Bc8 33. Ne3 Rcf7 34. g4 Bd7 35. Rg1 Ne7 36. Rf1 g5 37. Nf5+ Bxf5 38. gxf5 h5 39. Rg3 Rh8 40. Rfg1 Kf8 41. Kh2 Nc8 42. Bd1 Qb6 43. Qe1 Nd6 44. Bf3 Qc5 45. Kh1 a5 46. a3 Rb7 47. Qe2 b4 48. axb4 axb4 49. Ra1 bxc3 50. bxc3 Ra7 51. Rb1 Ke7 52. Bxh5 Nxe4 53. Qxe4 Rxh5 54. Rd1 Kd6 55. Qf3 Rh4 56. Rg4 Rxg4 1/2-1/2

[Event "46th GER-ch Rapid 2020"]
[Site "Plochingen"]
[Date "2020.09.19"]
[Round "2.3"]
[White "Rosner, Jonas"]
[Black "Hirneise, Jens"]
[Result "1-0"]
[ECO "A49"]
[WhiteElo "2433"]
[BlackElo "2289"]
[Annotator "ChessBase"]
[PlyCount "76"]
[EventDate "2020.09.19"]
[EventType "swiss"]
[EventCountry "GER"]
[SourceTitle "playchess.com"]
[Source "ChessBase"]
[SourceQuality "1"]
[TimeControl "900+10"]

1. d4 Nf6 2. Nf3 g6 3. g3 Bg7 4. Bg2 O-O 5. O-O d6 6. b3 e5 7. dxe5 dxe5 8. Ba3 Qxd1 9. Rxd1 Re8 10. c4 e4 11. Nd4 c6 12. Nc3 h5 13. h3 Nbd7 14. Rac1 Nf8 15. Kh2 Ne6 16. e3 Ng5 17. Rd2 Bd7 18. Rcd1 Ne6 19. Nxe6 Bxe6 20. Nxe4 Nxe4 21. Bxe4 Bxc4 22. Bxg6 Bxb3 23. axb3 fxg6 24. Rd7 Bf8 25. Bxf8 Rxf8 26. Kg2 Rf7 27. Rxf7 Kxf7 28. Rd7+ Ke6 29. Rxb7 a5 30. Rg7 Kf6 31. Rc7 Ra6 32. f4 Rb6 33. Kf3 Rxb3 34. Rxc6+ Kf7 35. Ra6 Ra3 36. g4 hxg4+ 37. hxg4 a4 38. g5 Ra1 1-0

[Event "46th GER-ch Rapid 2020"]
[Site "Plochingen"]
[Date "2020.09.19"]
[Round "2.4"]
[White "Kvetny, Mark"]
[Black "Nguyen, Alex Dac-Vuong"]
[Result "1/2-1/2"]
[ECO "D02"]
[WhiteElo "2427"]
[BlackElo "2343"]
[Annotator "ChessBase"]
[PlyCount "91"]
[EventDate "2020.09.19"]
[EventType "swiss"]
[EventCountry "GER"]
[SourceTitle "playchess.com"]
[Source "ChessBase"]
[SourceQuality "1"]
[TimeControl "900+10"]

1. d4 Nf6 2. Nf3 e6 3. Bf4 c5 4. e3 d5 5. Nbd2 Nc6 6. c3 Bd6 7. Bg3 O-O 8. Bb5 Ne7 9. Bd3 Nf5 10. Bxf5 exf5 11. Bxd6 Qxd6 12. dxc5 Qxc5 13. O-O Be6 14. Nb3 Qc7 15. Qd4 Rfd8 16. Rfd1 Ne4 17. a4 Nd6 18. Qf4 Qb6 19. Qb4 Qxb4 20. cxb4 Nc4 21. Rab1 f4 22. Nbd4 fxe3 23. fxe3 Bg4 24. Re1 Re8 25. Kf2 Re7 26. b3 Nd6 27. Rbc1 Rae8 28. b5 g6 29. h3 Bxf3 30. gxf3 Kg7 31. Rc5 Re5 32. Rc7 R8e7 33. Rxe7 Rxe7 34. Rc1 Kf6 35. Rc5 Re5 36. Rc7 Re7 37. Rc5 Re5 38. a5 Nf5 39. Nxf5 gxf5 40. f4 Re4 41. Rc7 Re7 42. Rxe7 Kxe7 43. Ke2 Kd6 44. b4 b6 45. axb6 axb6 46. Kd3 1/2-1/2

[Event "46th GER-ch Rapid 2020"]
[Site "Plochingen"]
[Date "2020.09.19"]
[Round "2.5"]
[White "Richter, Nils"]
[Black "Kopylov, Michael"]
[Result "1-0"]
[ECO "A13"]
[WhiteElo "2307"]
[BlackElo "2408"]
[Annotator "ChessBase"]
[PlyCount "67"]
[EventDate "2020.09.19"]
[EventType "swiss"]
[EventCountry "GER"]
[SourceTitle "playchess.com"]
[Source "ChessBase"]
[SourceQuality "1"]
[TimeControl "900+10"]

1. c4 e6 2. Nc3 d5 3. e3 Nf6 4. Nf3 Be7 5. b3 O-O 6. Bb2 c5 7. cxd5 Nxd5 8. Nxd5 Qxd5 9. Bc4 Qh5 10. O-O Nc6 11. Be2 Qf5 12. d4 Bf6 13. Bd3 Qh5 14. Ne5 Qxd1 15. Rfxd1 cxd4 16. Nxc6 bxc6 17. Bxd4 Bxd4 18. exd4 Rd8 19. Be4 Bb7 20. f4 Rd6 21. Kf2 Rad8 22. Ke3 f6 23. Rd3 Ba6 24. Rd2 e5 25. fxe5 fxe5 26. Rad1 exd4+ 27. Rxd4 Rxd4 28. Rxd4 Re8 29. Kf2 c5 30. Ra4 Kf8 31. Rxa6 Rxe4 32. Rxa7 c4 33. Ra4 Rd4 34. Ke3 1-0

[Event "46th GER-ch Rapid 2020"]
[Site "Plochingen"]
[Date "2020.09.19"]
[Round "2.6"]
[White "Muranyi, Karl-Jasmin"]
[Black "Vatter, Hans-Joachim"]
[Result "1/2-1/2"]
[ECO "A22"]
[WhiteElo "2331"]
[BlackElo "2221"]
[Annotator "ChessBase"]
[PlyCount "38"]
[EventDate "2020.09.19"]
[EventType "swiss"]
[EventCountry "GER"]
[SourceTitle "playchess.com"]
[Source "ChessBase"]
[SourceQuality "1"]
[TimeControl "900+10"]

1. c4 e5 2. Nc3 Bb4 3. g3 Bxc3 4. dxc3 d6 5. Bg2 Nf6 6. Nf3 Qe7 7. O-O O-O 8. Ne1 Nbd7 9. Nc2 e4 10. Bg5 h6 11. Bxf6 Nxf6 12. Ne3 Re8 13. h3 a6 14. a4 a5 15. Qd4 Bd7 16. b3 Qe5 17. Qxe5 Rxe5 18. Rfd1 g6 19. Rd4 Ra6 1/2-1/2

[Event "46th GER-ch Rapid 2020"]
[Site "Plochingen"]
[Date "2020.09.19"]
[Round "2.7"]
[White "Richter, Christian"]
[Black "Braeuning, Rudolf Wilhelm"]
[Result "1-0"]
[ECO "A46"]
[WhiteElo "2348"]
[BlackElo "2268"]
[Annotator "ChessBase"]
[PlyCount "69"]
[EventDate "2020.09.19"]
[EventType "swiss"]
[EventCountry "GER"]
[SourceTitle "playchess.com"]
[Source "ChessBase"]
[SourceQuality "1"]
[TimeControl "900+10"]

1. d4 Nf6 2. Nf3 b5 3. e4 Nxe4 4. Bxb5 e6 5. O-O Bb7 6. c4 Be7 7. Ba4 O-O 8. Bc2 d5 9. cxd5 exd5 10. Nbd2 Nd7 11. Re1 f5 12. Nb3 Bd6 13. Na5 Rb8 14. Nxb7 Rxb7 15. Bb3 c6 16. Bd2 Qb8 17. Re2 Ndf6 18. Rc1 Qe8 19. Ba5 Rb5 20. Be1 Qh5 21. Rxc6 g5 22. Ne5 Ng4 23. h3 Bxe5 24. dxe5 Nxe5 25. Bxd5+ Kh8 26. Qd4 Rxd5 27. Qxd5 Nxc6 28. Rxe4 h6 29. Bc3+ Kh7 30. Re6 Rd8 31. Qxc6 Qd1+ 32. Kh2 g4 33. Re7+ Kg8 34. Qe6+ Kf8 35. Bg7# 1-0

[Event "46th GER-ch Rapid 2020"]
[Site "Plochingen"]
[Date "2020.09.19"]
[Round "2.8"]
[White "Schenderowitsch, Michael"]
[Black "Stern, Rene"]
[Result "1/2-1/2"]
[ECO "D35"]
[WhiteElo "2346"]
[BlackElo "2517"]
[Annotator "RC"]
[PlyCount "37"]
[EventDate "2020.09.19"]
[EventType "swiss"]
[EventCountry "GER"]
[SourceTitle "playchess.com"]
[Source "ChessBase"]
[SourceQuality "1"]
[TimeControl "900+10"]

1. d4 d5 2. c4 e6 3. Nc3 Nf6 4. cxd5 exd5 5. Bg5 c6 6. e3 Be7 7. Bd3 Nbd7 8. h3 Ne4 9. Bxe7 Qxe7 10. Bxe4 dxe4 11. Qg4 Nf6 12. Qxg7 Rg8 13. Qh6 Rxg2 14. Nge2 Rg8 15. Qh4 Bf5 16. Nf4 Bg6 17. Rg1 O-O-O 18. O-O-O Rge8 19. Qg5 1/2-1/2

[Event "46th GER-ch Rapid 2020"]
[Site "Plochingen"]
[Date "2020.09.19"]
[Round "2.9"]
[White "Siebrecht, Sebastian"]
[Black "Wendler, David"]
[Result "1/2-1/2"]
[ECO "B36"]
[WhiteElo "2418"]
[BlackElo "2249"]
[Annotator "ChessBase"]
[PlyCount "130"]
[EventDate "2020.09.19"]
[EventType "swiss"]
[EventCountry "GER"]
[SourceTitle "playchess.com"]
[Source "ChessBase"]
[SourceQuality "1"]
[TimeControl "900+10"]

1. c4 c5 2. Nf3 g6 3. d4 cxd4 4. Nxd4 Nc6 5. e4 Nf6 6. Nc3 Nxd4 7. Qxd4 d6 8. Be2 Bg7 9. O-O O-O 10. Bg5 h6 11. Bh4 g5 12. Bg3 Nh5 13. Qd2 Nxg3 14. hxg3 Be6 15. Rac1 Rc8 16. b3 Qa5 17. Rfd1 Rfd8 18. Qe3 Bxc3 19. Qxc3 Qxc3 20. Rxc3 b5 21. Rdc1 b4 22. Re3 Rc5 23. f4 Kg7 24. Rd1 f6 25. e5 fxe5 26. fxe5 d5 27. Red3 d4 28. Rxd4 Rxd4 29. Rxd4 Rxe5 30. Kf2 Bf5 31. Bd3 Kf6 32. g4 Bxd3 33. Rxd3 Re4 34. Kf3 Rf4+ 35. Kg3 e5 36. Rd6+ Ke7 37. Rxh6 e4 38. Rh1 Kd6 39. Rd1+ Ke6 40. Rd8 Kf7 41. Rd5 e3 42. Re5 Rf2 43. Rxe3 Rxa2 44. Kf3 a5 45. Re5 Kf6 46. Rf5+ Kg6 47. Rb5 Rb2 48. Rxa5 Rxb3+ 49. Ke4 Rc3 50. Ra6+ Kf7 51. Kd5 b3 52. Rb6 Ke7 53. c5 Kd7 54. Rb7+ Kc8 55. c6 Rd3+ 56. Ke4 Rc3 57. Kd4 Rg3 58. Kc5 Rxg4 59. Rxb3 Rxg2 60. Kb6 g4 61. Re3 Rb2+ 62. Kc5 Rc2+ 63. Kd5 Rd2+ 64. Kc5 Rc2+ 65. Kd6 Rd2+ 1/2-1/2

[Event "46th GER-ch Rapid 2020"]
[Site "Plochingen"]
[Date "2020.09.19"]
[Round "2.10"]
[White "Neukirchner, Pascal"]
[Black "Langrock, Hannes"]
[Result "1-0"]
[ECO "A80"]
[WhiteElo "2259"]
[BlackElo "2352"]
[Annotator "ChessBase"]
[PlyCount "101"]
[EventDate "2020.09.19"]
[EventType "swiss"]
[EventCountry "GER"]
[SourceTitle "playchess.com"]
[Source "ChessBase"]
[SourceQuality "1"]
[TimeControl "900+10"]

1. d4 f5 2. Bg5 g6 3. Nc3 Bg7 4. e3 d5 5. h4 c6 6. Bd3 Nh6 7. Qf3 Nf7 8. Qg3 Nd7 9. Nf3 Nf6 10. h5 Nxh5 11. Rxh5 gxh5 12. Bxe7 Kxe7 13. Qxg7 Qg8 14. Qxg8 Rxg8 15. g3 Be6 16. Ke2 Ng5 17. Nxg5 Rxg5 18. Rh1 Kf6 19. Kf1 Bf7 20. Ne2 b6 21. Nf4 Rd8 22. Be2 a5 23. Bxh5 Bxh5 24. Nxh5+ Kf7 25. Nf4 h5 26. Nd3 Kf6 27. c3 Rgg8 28. Ne5 c5 29. Rxh5 Rh8 30. Nd7+ Ke6 31. Rxh8 Rxh8 32. Nxb6 cxd4 33. exd4 Rh1+ 34. Ke2 Rb1 35. Na4 Kd6 36. Ke3 Kc6 37. Kf4 Kb5 38. b3 Ra1 39. Kxf5 Rxa2 40. f4 Rxa4 41. bxa4+ Kxa4 42. g4 Kb3 43. g5 a4 44. g6 a3 45. g7 a2 46. g8=Q a1=Q 47. Qxd5+ Kxc3 48. Qe5 Qb1+ 49. Kg5 Qg1+ 50. Kf6 Kd3 51. d5 1-0

[Event "46th GER-ch Rapid 2020"]
[Site "Plochingen"]
[Date "2020.09.19"]
[Round "3.1"]
[White "Rosner, Jonas"]
[Black "Richter, Christian"]
[Result "1-0"]
[ECO "D02"]
[WhiteElo "2433"]
[BlackElo "2348"]
[Annotator "ChessBase"]
[PlyCount "85"]
[EventDate "2020.09.19"]
[EventType "swiss"]
[EventCountry "GER"]
[SourceTitle "playchess.com"]
[Source "ChessBase"]
[SourceQuality "1"]
[TimeControl "900+10"]

1. d4 d5 2. Nf3 a6 3. g3 Nf6 4. Bg2 e6 5. O-O Nbd7 6. c4 dxc4 7. Nbd2 Nb6 8. Qc2 Be7 9. Nxc4 Nxc4 10. Qxc4 O-O 11. Qc2 Nd5 12. Rd1 a5 13. a3 Ra6 14. e4 Nf6 15. Bf4 c6 16. Ne5 Nd7 17. Nd3 Qb6 18. Rac1 Bf6 19. Bd6 Re8 20. Nc5 Ra8 21. h4 Nxc5 22. Bxc5 Qc7 23. Qb3 a4 24. Qb4 Qa5 25. Qc4 Bd7 26. Rc2 h6 27. Kh2 Rec8 28. h5 b6 29. e5 bxc5 30. exf6 cxd4 31. Rxd4 Qxh5+ 32. Rh4 Qg5 33. fxg7 e5 34. Bf3 Be6 35. Qc5 Qxg7 36. Re2 f6 37. Ree4 Kh7 38. Qd6 Bd5 39. Reg4 Qf7 40. Bd1 Bb3 41. Be2 Bc2 42. Qd2 Bg6 43. Qxh6+ 1-0

[Event "46th GER-ch Rapid 2020"]
[Site "Plochingen"]
[Date "2020.09.19"]
[Round "3.2"]
[White "Schmaltz, Roland"]
[Black "Richter, Nils"]
[Result "1/2-1/2"]
[ECO "B48"]
[WhiteElo "2449"]
[BlackElo "2307"]
[Annotator "ChessBase"]
[PlyCount "67"]
[EventDate "2020.09.19"]
[EventType "swiss"]
[EventCountry "GER"]
[SourceTitle "playchess.com"]
[Source "ChessBase"]
[SourceQuality "1"]
[TimeControl "900+10"]

1. e4 c5 2. Nf3 e6 3. d4 cxd4 4. Nxd4 Nc6 5. Nc3 Qc7 6. Be3 a6 7. Qf3 Nf6 8. O-O-O Ne5 9. Qg3 b5 10. f4 Neg4 11. Bd2 h5 12. h3 Nh6 13. Bd3 b4 14. Na4 Bb7 15. Rhe1 Rc8 16. e5 Nd5 17. f5 Nxf5 18. Nxf5 exf5 19. Bxf5 g6 20. Be4 Nb6 21. Qb3 Bxe4 22. Rxe4 Nxa4 23. Qxa4 a5 24. Bg5 Qc6 25. Qxc6 Rxc6 26. Rd5 Be7 27. Be3 a4 28. Ra5 O-O 29. Bd4 Rfc8 30. Re2 b3 31. axb3 axb3 32. c3 Bc5 33. Bxc5 Rxc5 34. Ra3 1/2-1/2